 Dungeon Crawl Stone Soup version 0.27.1-16-g815e20cd7a (webtiles) character file.

Game seed: 2551659139142554402

36 Gabide the Insei (level 3, -1/29 HPs)
             Began as a Human Monk on Nov 21, 2021.
             Slain by a gnoll (4 damage)
             ... on level 2 of the Dungeon.
             The game lasted 00:04:55 (2556 turns).

Gabide the Insei (Human Monk)                       Turns: 2556, Time: 00:04:56

Health: -1/29      AC:  3    Str: 12    XL:     3   Next: 57%
Magic:  3/3        EV: 13    Int: 10    God:
Gold:   96         SH:  0    Dex: 15    Spells: 2/2 levels left

rFire    . . .     SeeInvis .     - Unarmed
rCold    . . .     Faith    .   (no shield)
rNeg     . . .     Spirit   .   a - +1 robe
rPois    .         Reflect  .   (no helmet)
rElec    .         Harm     .   (no cloak)
rCorr    .         Rampage  .   (no gloves)
Will     .....                  (no boots)
Stlth    ++........             (no amulet)
HPRegen  0.09/turn              (no ring)
MPRegen  0.08/turn              (no ring)

@: no status effects
A: no striking features
a: no special abilities


You were on level 2 of the Dungeon.
You visited 1 branch of the dungeon, and saw 2 of its levels.

You collected 96 gold pieces.

Inventory:

Armour
 a - a +1 robe (worn)
Scrolls
 b - a scroll of magic mapping


   Skills:
 + Level 3.3 Fighting
 + Level 3.4 Dodging
 + Level 2.1 Stealth
 + Level 3.6 Unarmed Combat


You had 2 spell levels left.
You didn't know any spells.
Your spell library contained the following spells:

 Spells                   Type           Power      Damage    Failure   Level
 Summon Ice Beast         Ice/Summ       0%         N/A       98%         4
 Summon Mana Viper        Hex/Summ       0%         N/A       100%        5
 Monstrous Menagerie      Summ           0%         N/A       100%        7


Dungeon Overview and Level Annotations

Branches:
Dungeon (2/15)

Altars:


Message History

Unknown command.
Unknown command.
You hit the gnoll.
The gnoll is lightly wounded.
You hit the gnoll.
The gnoll is moderately wounded.
The gnoll hits you with a +0 whip.
You barely miss the gnoll.
The gnoll is moderately wounded.
The gnoll hits you with a +0 whip.
You hit the gnoll.
The gnoll is heavily wounded.
The gnoll hits you with a +0 whip.
* * * LOW HITPOINT WARNING * * *
It was a potion of curing.
You feel better. The gnoll misses you. The gnoll hits you with a +0 whip.
Found 12 sling bullets.
A hobgoblin comes into view.
Found a leather armour.
The hobgoblin shouts!
Found 11 sling bullets.
You see here a +0 leather armour.
A rat comes into view.
The gnoll hits you with a +0 whip.
Really walk into that dispersal trap?
You enter a dispersal trap!
The gnoll blinks!
The hobgoblin blinks!
You blink.
The gnoll barely misses you.
Found a scroll labelled YWOTID WICUR.
You see here a scroll labelled YWOTID WICUR.
c - a scroll labelled YWOTID WICUR The gnoll hits you with a +0 whip!
* * * LOW HITPOINT WARNING * * *
A ball python comes into view.
The ball python moves out of view. 3 gnolls come into view.
As you read the scroll labelled YWOTID WICUR, it crumbles to dust.
It is a scroll of brand weapon.
You aren't carrying any weapons that can be branded.
The gnoll hits you with a +0 whip.
You die...

# # ########
#...g... #g###...
### #.#.(...
##.###.#.#...
#######.#r.........
#.@gg.gg.###.......
#.#####...####.##.#
#. ....#.# #.....
#. #.#...## ####.#
#g #.##.## #+# #g #
#.# #g ..# ## ##


You could see 6 gnolls, a hobgoblin and a rat.

Vanquished Creatures
  A dart slug (D:1)
  4 endoplasms
  3 giant cockroaches (D:1)
  6 goblins (D:1)
  2 hobgoblins (D:1)
  3 kobolds (D:1)
  A quokka (D:1)
  3 ball pythons
  3 bats
  2 frilled lizards
  3 rats (D:1)
31 creatures vanquished.

Vanquished Creatures (others)
  7 plants (D:1)
7 creatures vanquished.

Grand Total: 38 creatures vanquished

Notes
Turn   | Place    | Note
-------+----------+-------------------------------------------
     0 | D:1      | Gabide the Human Monk began the quest for the Orb.
     0 | D:1      | Reached XP level 1. HP: 18/18 MP: 1/1
   395 | D:1      | Reached XP level 2. HP: 14/24 MP: 2/2
   875 | D:1      | Reached XP level 3. HP: 5/29 MP: 3/3
  2405 | D:2      | Found a faded altar of an unknown god.
  2556 | D:2      | Slain by a gnoll

Illustrated notes

Levels and vault maps discovered:
D:1:      dpeg_arrival_lava_temple_mockup, layout_basic,
          hangedman_decor_growths, chequers_big_river,
          hangedman_abyss_or_decor_lesser_grid, due_unseen_surprise
D:2:      layout_loops_corners, shapermc_ecumenical_altar_gd

Action                   || total
-------------------------++-------
Melee: Unarmed           ||   123
  Use: Scroll            ||     3
       Potion            ||     1
 Stab: Sleeping          ||     4
Armor: Robe              ||    21
Dodge: Dodged            ||    60
